[Event "MCR rapid mládeže 2023 U16"]
[Site "Harachov, Czech Republic"]
[Date "2023.09.09"]
[Round "1.1"]
[White "Soucek, Andrej"]
[Black "Roubal, Matyas"]
[Result "0-1"]
[TimeControl "20min+5s/move"]
[WhiteElo "1589"]
[BlackElo "1911"]

1. d4 Nf6 2. Bf4 g6 3. Nc3 d5 4.
e3 Bg7 5. Nf3 O-O 6. Be2 Nh5 7. Be5 f6 8. Bg3 c6 9. Bxb8 Rxb8 10. Nh4 g5 11. Bxh5 gxh4 12. g3 e5 13. gxh4 f5 14.
dxe5 Bxe5 15. Be2 Qxh4 16. Qd2 f4 17. O-O-O Kh8 18. Rdf1 Bh3 19. Re1 Qxf2 20. Nd1 fxe3 21. Nxe3 Qf6 22.
Kb1 Bxb2 23. Ng4 Bxg4 24. Ref1 Bf5 25. Bd3 Ba3 26. c3 Bxd3+ 27. Qxd3 Qg6 0-1

[Event "MCR rapid mládeže 2023 U16"]
[Site "Harachov, Czech Republic"]
[Date "2023.09.09"]
[Round "1.2"]
[White "Svadlenka, Dominik"]
[Black "Hobza, Richard"]
[Result "1-0"]
[TimeControl "20min+5s/move"]
[WhiteElo "1588"]
[BlackElo "1399"]

1. d4 d5 2. c4 c6 3. Nf3 Nf6 4.
Nc3 e6 5. Bg5 dxc4 6. a4 Be7 7. e4 h6 8. Bxf6 Bxf6 9. Bxc4 O-O 10. O-O b6 11. b4 c5 12. bxc5 bxc5 13. e5 cxd4 14.
exf6 dxc3 15. fxg7 Kxg7 16. Qc2 Qf6 17. Qe4 Ba6 18. Qxa8 Bxc4 19. Rfe1 Bd5 20. Qxa7 Bxf3 21. gxf3 Qxf3 22.
Re3 Qf6 23. Rg3+ Kh7 24. Qe3 c2 25. Qd3+ Kh8 26. Qc3 Qxc3 27. Rxc3 Na6 28. Rxc2 Nb4 29. Rc4 Nd5 30. a5 Kg7 31.
a6 Kf6 32. a7 Ra8 33. Rc5 Ke7 34. Rb5 Kd7 35. Rb8 Nc7 36. Rxa8 Nxa8 37. Kg2 Kc7 38. Rb1 1-0

[Event "MCR rapid mládeže 2023 U16"]
[Site "Harachov, Czech Republic"]
[Date "2023.09.09"]
[Round "1.3"]
[White "Stary, Vojtech"]
[Black "Popov, Roman"]
[Result "0-1"]
[TimeControl "20min+5s/move"]
[WhiteElo "1582"]
[BlackElo "1751"]

1. d4 d5 2. Bf4 Nf6 3. e3 c5 4. c3 Nc6 5. Nd2 e6 6. Ngf3 Nh5 7. Bg3 Nxg3 8. hxg3 Bd6 9. Bd3 h6 10.
O-O O-O 11. Rc1 e5 12. dxe5 Nxe5 13. Nxe5 Bxe5 14. Nf3 Bg4 15. Bb1 g6 16. Qd3 Bf6 17. Rcd1 Be6 18. e4 dxe4 19. Qxe4 Qc7 20.
Nh4 Bxh4 21. Qxh4 Kg7 22. Rfe1 Rad8 23. Qf4 Qxf4 24. gxf4 b6 25. f3 Bd5 26. Kf2 Bc6 27. Be4 Bb5 28.
Bc2 Rxd1 29. Rxd1 Re8 30. Bd3 Ba4 31. b3 Bc6 32. b4 cxb4 33. cxb4 Rd8 34. Bc2 Rc8 35. Bb3 Kf6 36. Rd2 Ke7 37. Ke3 Bb5 38. a4 Be8 39. Rc2 Rxc2 40.
Bxc2 Kd6 41. Kd4 f6 42. g3 Bf7 43.
Bd3 g5 44. fxg5 fxg5 45. Bc2 h5 46. Bd1 h4 47. gxh4 gxh4 48. f4 h3 49. Bf3 a5 50. bxa5 bxa5 51. f5 Be8 52. Bd5 Bxa4 53.
f6 Bd7 54. Bf3 a4 55. Kc4 Be6+ 56. Kb4 Bb3 57. Ka3 Bc2 58. Kb4 Bb3 59. Ka3 Ke5 60. f7 Bxf7 61. Kxa4 Bd5 62. Bg4 h2 0-1

[Event "MCR rapid mládeže 2023 U16"]
[Site "Harachov, Czech Republic"]
[Date "2023.09.09"]
[Round "1.4"]
[White "Babula, Matej"]
[Black "Slechta, Adam"]
[Result "1-0"]
[TimeControl "20min+5s/move"]
[WhiteElo "1865"]
[BlackElo "1509"]

1. e4 d6 2. d4 Nf6 3. Nc3 g6 4.
Be3 Bg7 5. f3 O-O 6. Qd2 Nbd7 7. O-O-O b6 8. Bh6 c5 9. Nge2 a6 10. h4 b5 11. Bxg7 Kxg7 12. e5 Ne8 13. h5 Rh8 14.
e6 Nf8 15. exf7 Nf6 16. dxc5 1-0

[Event "MCR rapid mládeže 2023 U16"]
[Site "Harachov, Czech Republic"]
[Date "2023.09.09"]
[Round "1.5"]
[White "Dusanek, Michal"]
[Black "Juhanak, Daniel"]
[Result "0-1"]
[TimeControl "20min+5s/move"]
[WhiteElo "1582"]
[BlackElo "1878"]

1. d4 Nf6 2. Nf3 d5 3. Bf4 c5 4. c3 Nc6 5. e3 g6 6. Nbd2 Bg7 7. Bd3 O-O 8. O-O b6 9. Ne5 Bb7 10.
Qa4 Qc8 11. Bb5 Nb8 12. Qa3 Ba6 13. Bxa6 Qxa6 14. Qxa6 Nxa6 15. h3 Rac8 16. a4 Nb8 17. a5 Ne8 18. axb6 axb6 19. Ra8 Nd6 20.
Rfa1 f6 21. Nd3 Nd7 22. Rxc8 Rxc8 23. Ra7 Rd8 24. Bxd6 exd6 25. Nf4 f5 26. Nxd5 Nf6 27. Nxf6+ Bxf6 28. Rb7 h6 29. Rxb6 Kf7 30. Nc4 Ke7 31. Rb7+ Ke6 32. Rh7 h5 33. Rc7 Rb8 34. dxc5 dxc5 35. Rxc5 Ra8 36. Rc6+ Ke7 37. Rc7+ Ke6 38. Rc6+ Ke7 39. Nb6 Ra5 40. Nc8+ Kf7 41. Nd6+ Ke7 42. Nc4 Ra7 43. Nb6 Ra2 44. b4 Be5 45. g3 Kf7 46. c4 Bc3 47.
Nd5 Be1 48. Rc7+ Kf8 49. b5 Bxf2+ 50. Kh1 Bxg3 51. Rc8+ Kf7 52. b6 h4 53. b7 Rb2 54. Rh8 Kg7 55. Rd8 Rxb7 56. c5 Rb1+ 57. Kg2 Rc1 58. Rc8 Rc2+ 59. Kf3 Rf2# 0-1

[Event "MCR rapid mládeže 2023 U16"]
[Site "Harachov, Czech Republic"]
[Date "2023.09.09"]
[Round "1.6"]
[White "Setina, Vaclav"]
[Black "Sotek, Simon"]
[Result "1/2-1/2"]
[TimeControl "20min+5s/move"]
[WhiteElo "1876"]
[BlackElo "1526"]

1. d4 d5 2. Nf3 Nf6 3. g3 Bf5 4. Bg2 e6 5. O-O Nbd7 6. b3 Bd6 7. Nbd2 O-O 8. Bb2 h6 9. c4 c6 10.
Ne5 Qc7 11. Ndf3 Ne4 12. Nxd7 Qxd7 13. Ne5 Qc7 14. e3 Bxe5 15. dxe5 Rfd8 16. Bxe4 dxe4 17. Qc2 Rd3 18. c5 Rad8 19.
Bd4 Bg4 20. f3 Bxf3 21. Rxf3 R3xd4 22. exd4 exf3 23. Rd1 b6 24.
Kf2 Rd5 25. b4 bxc5 26. bxc5 Qd7 27. Qb2 Qd8 28. Qd2 f6 29. exf6 Qxf6 30. Qe3 e5 31. dxe5 Qxe5 32. Qxe5 Rxe5 33. Rd8+ Kh7 34.
Rd7 Rxc5 35. Rxa7 Rc3 36. h4 c5 37. a4 c4 38. a5 Ra3 39. Rc7 Rxa5 40. Kxf3 Ra3+ 41. Kf4 c3 42. g4 Ra4+ 43. Kf5 Ra5+ 44. Kf4 Ra4+ 45. Kf5 Ra5+ 46. Kf4 1/2-1/2

[Event "MCR rapid mládeže 2023 U16"]
[Site "Harachov, Czech Republic"]
[Date "2023.09.09"]
[Round "1.7"]
[White "Karafiat, Vojtech"]
[Black "Hrbek, Jachym"]
[Result "0-1"]
[TimeControl "20min+5s/move"]
[WhiteElo "1520"]
[BlackElo "1769"]

1. d4 Nf6 2. Bf4 d6 3. Nc3 g6 4. e4 Bg7 5. Qd2 c6 6. O-O-O b5 7. d5 b4 8. dxc6 bxc3 9. Qxc3 Qb6 10.
Be3 Nh5 11. Bd4 Bxd4 12. Rxd4 O-O 13. Rb4 Qxc6 14. Qxc6 Nxc6 15. Rc4 Ba6 16. Rxc6 Bxf1 17. Nf3 Bxg2 0-1

[Event "MCR rapid mládeže 2023 U16"]
[Site "Harachov, Czech Republic"]
[Date "2023.09.09"]
[Round "1.8"]
[White "Garabik, Marek"]
[Black "Krajicek, Matej"]
[Result "0-1"]
[TimeControl "20min+5s/move"]
[WhiteElo "1787"]
[BlackElo "1565"]

1. e4 c6 2. d4 d5 3. f3 dxe4 4. fxe4 e5 5. Nf3 Bg4 6. c3 Bxf3 7. Qxf3 Qh4+ 8. g3 Qf6 9. Bg2 Nd7 10.
O-O Qxf3 11. Bxf3 O-O-O 12. Be3 Kb8 13. Nd2 f6 14. Rad1 Bd6 15. Nc4 Bc7 16. Bg4 Nb6 17. Nd2 Ne7 18.
Be2 Rhe8 19. Nb3 exd4 20. cxd4 Ng6 21. Bd3 Na4 22. Rf2 Bb6 23. Bc4 Rxe4 24. Re2 Bc7 25. Rde1 Nb6 26. Bd3 Ree8 27. Bb1 Nd5 28. Bd2 Rxe2 29. Rxe2 Bb6 30. Bf5 Kc7 31. Bc3 Nxc3 32. bxc3 Rg8 33. Bxg6 hxg6 34. Re7+ Kc8 35. Nc1 c5 36. d5 c4+ 37. Kg2 Ba5 38. Ne2 a6 39. Kf3 b6 40. Ke4 Kd8 41.
Ra7 Re8+ 42. Kf3 Re7 43.
Rxa6 Kc8 44. Ra8+ Kd7 45. Ra7+ Kd6 46. Rxe7 Kxe7 47. Ke4 Kd6 48. Kd4 b5 49.
Nf4 f5 50. Ke3 Bxc3 51. Nxg6 Kxd5 52. Ne7+ Ke6 53. Ng6 Be5 54. Nh4 b4 55. Nf3 b3 56. axb3 cxb3 57. Kd2 Bf6 58. Kc1 b2+ 59. Kc2 Kd5 60. Nd2 Bg5 61.
Nf3 Bf6 62. Nd2 g5 63. Kb1 f4 64. gxf4 gxf4 65. Kc2 Ke6 66. Nf3 Kf5 67. Ne1 Ke4 68. h3 f3 69. Nxf3 Kxf3 70. Kb1 Kg3 71. Kc2 Kxh3 72. Kb1 Kg3 73. Kc2 Kf3 74. Kb1 Ke3 75.
Kc2 Ke2 76. Kb1 Kd2 77. Ka2 Kc2 78.
Ka3 b1=Q 0-1

[Event "MCR rapid mládeže 2023 U16"]
[Site "Harachov, Czech Republic"]
[Date "2023.09.09"]
[Round "1.10"]
[White "Policerova, Barbora"]
[Black "Kaplanova, Dominika"]
[Result "0-1"]
[TimeControl "20min+5s/move"]
[WhiteElo "1503"]
[BlackElo "1461"]

1. e4 c6 2. Nc3 d5 3. d4 dxe4 4.
Nxe4 Nf6 5. Nxf6+ exf6 6. Bc4 Bd6 7. Be3 O-O 8. Nf3 Qb6 9. b3 Bb4+ 10. Nd2 Bc3 11. Rb1 Bxd4 12. Qf3 Bxe3 13.
fxe3 Nd7 14. Qg3 Re8 15. O-O Qxe3+ 16. Qxe3 Rxe3 17. Rbd1 Re8 18. Nf3 Nb6 19. Bd3 Bg4 20. c4 Rad8 21.
a4 Nd7 22. Bc2 Bxf3 23. Rxf3 Ne5 24. Rff1 Ng4 25. Bf5 Ne3 26. Rxd8 Rxd8 27. Rf3 Nxf5 28. Rxf5 Rd3 29. b4 Rd4 30.
Rc5 Kf8 31. Kf2 Rd2+ 32. Kf3 Ra2 33. Ra5 a6 34. h4 Ke7 35. g4 Rc2 36. b5 cxb5 37. cxb5 axb5 38. Rxb5 Rc7 39. a5 Kd7 40.
Ke4 Kc8 41. Rh5 h6 42. Rb5 g6 43. Rb6 Rc6 44. Rb5 Kb8 45. Kd5 Ka7 46. Ke4 Re6+ 47. Kd5 Re5+ 48. Kc4 Rxb5 49. Kxb5 h5 50.
Kc4 Ka6 0-1

[Event "MCR rapid mládeže 2023 U16"]
[Site "Harachov, Czech Republic"]
[Date "2023.09.09"]
[Round "1.11"]
[White "Kammova, Katerina"]
[Black "Urvalkova, Ema"]
[Result "1-0"]
[TimeControl "20min+5s/move"]
[WhiteElo "1393"]
[BlackElo "1072"]

1. e4 c5 2. Be2 Nc6 3. f4 g6 4. Nf3 Bg7 5. d3 d5 6. c3 Nh6 7. O-O O-O 8. Na3 a6 9. Nc2 b5 10.
e5 Bf5 11. d4 Bxc2 12. Qxc2 Qb6 13. Be3 cxd4 14. cxd4 Nf5 15. Qd2 Rac8 16. Bf2 e6 17. Rac1 f6 18. Kh1 fxe5 19. dxe5 Qa5 20.
Qxa5 Nxa5 21. Ng5 Rxc1 22. Rxc1 Re8 23. Be1 Nc4 24. b3 Nd4 25. Bxc4 dxc4 26. bxc4 Rc8 27. g3 h6 28. Ne4 Kh7 29.
Bf2 Nf5 30. c5 Bf8 31. Kg2 Be7 32. g4 Ng7 33. Be3 Rc6 34. Nd6 Kg8 35. Kf3 Kf8 36. h3 Ne8 37. Ke4 Nxd6+ 38. cxd6 Rxc1 39.
dxe7+ Kxe7 40. Bxc1 Kf7 41. Ba3 a5 42. Bd6 b4 43.
Kd4 Ke8 44. Kc5 a4 45. Kxb4 Kd7 46. Kxa4 Kc6 47. Kb4 Kd5 48. a4 Ke4 49. f5 gxf5 50. gxf5 Kxf5 51. a5 Kf4 52. h4 Kg4 53. Be7 Kf5 54. Bf6 1-0

[Event "MCR rapid mládeže 2023 U16"]
[Site "Harachov, Czech Republic"]
[Date "2023.09.09"]
[Round "1.12"]
[White "Kovarova, Karolina"]
[Black "Mikesova, Lenka"]
[Result "0-1"]
[TimeControl "20min+5s/move"]
[WhiteElo "1006"]
[BlackElo "1410"]

1. e4 e5 2. Nf3 Nc6 3. Bc4 Nf6 4.
d3 Be7 5. Nc3 d6 6. h3 O-O 7. Bg5 Be6 8. Bb3 Bxb3 9. axb3 Nd4 10. Nd5 Nxd5 11. Bxe7 Nxe7 12. Nd2 f5 13. c3 Ndc6 14.
O-O fxe4 15. Nxe4 Nd5 16. Qh5 Nf6 17. Qe2 Nxe4 18. Qxe4 Qf6 19. Qd5+ Qf7 20. Qb5 Nd8 21. Rae1 a6 22.
Qb4 Rb8 23. c4 Nc6 24. Qd2 Nd4 25. Qd1 Qg6 26. f3 c5 27. Re4 Rf4 28. Re3 b5 29. cxb5 Rxb5 30. Rf2 Rxb3 31. Re4 Rb8 32.
Qa4 Nxf3+ 33. Kf1 Nh2+ 34. Kg1 Rxf2 35. Kxf2 Rf8+ 36. Ke3 Qg3+ 37. Kd2 Qxg2+ 38. Kc3 Rb8 39. Re3 Qxb2+ 40. Kc4 Rb4+ 41.
Qxb4 Qxb4+ 42. Kd5 Qd4+ 43. Kc6 Qxe3 44. Kd7 Qxh3+ 0-1

[Event "MCR rapid mládeže 2023 U16"]
[Site "Harachov, Czech Republic"]
[Date "2023.09.09"]
[Round "1.13"]
[White "Buchtova, Viktorie"]
[Black "Stehlikova, Vanessa"]
[Result "1-0"]
[TimeControl "20min+5s/move"]
[WhiteElo "1556"]
[BlackElo "1165"]

1. e4 e5 2. Nf3 Nc6 3. Bb5 Nf6 4. O-O Nxe4 5. Re1 Nf6 6. Nxe5 Nxe5 7. Rxe5+ Be7 8. d4 O-O 9. c3 c6 10.
Bd3 d5 11. Qc2 Bd6 12. Re1 h6 13. Nd2 Re8 14. Rxe8+ Qxe8 15. Nf1 Be6 16. Bd2 Qf8 17. Ng3 Bxg3 18. hxg3 Re8 19. Re1 Kh8 20.
Kf1 Qg8 21. Bf5 Bxf5 22. Qxf5 Rxe1+ 23. Bxe1 Qe8 24. Bd2 Qe6 25. Qf4 Ne4 26. Qb8+ Kh7 27. Bf4 g5 28. Be3 Qe7 29. Ke2 a6 30.
f3 Nf6 31. Kf2 Kg6 32. Qc8 h5 33. a3 1-0

[Event "MCR rapid mládeže 2023 U16"]
[Site "Harachov, Czech Republic"]
[Date "2023.09.09"]
[Round "1.14"]
[White "Dufkova, Tereza"]
[Black "Kubatova, Beta"]
[Result "0-1"]
[TimeControl "20min+5s/move"]
[WhiteElo "1455"]
[BlackElo "1376"]

1. e4 c6 2. d4 d5 3. f3 Qb6 4. Bf4 Qxb2 5. Nd2 Qb6 6. Nb3 dxe4 7. fxe4 Nf6 8. Bd3 Bg4 9. Nf3 e6 10.
h3 Bh5 11. g4 Bg6 12. c3 Nxe4 13. Bxe4 Bxe4 14. O-O Be7 15. Re1 Bxf3 16. Qxf3 O-O 17. Qg3 Qd8 18. g5 Nd7 19. h4 b6 20.
h5 Qe8 21. Qg4 Qd8 22. Kf2 g6 23. Rh1 Qe8 24. Nd2 c5 25. Qh4 f6 26. hxg6 Qxg6 27. Rag1 fxg5 28. Qh2 Rxf4+ 29. Ke3 cxd4+ 30. cxd4 Rc8 31. Ke2 Rc2 32.
Ke3 Rc3+ 33. Ke2 Bd6 34. Qg2 Kg7 35. Rc1 Qd3+ 36. Ke1 Rxc1# 0-1

[Event "MCR rapid mládeže 2023 U16"]
[Site "Harachov, Czech Republic"]
[Date "2023.09.09"]
[Round "1.15"]
[White "Mik, Tomas"]
[Black "Kala, Jakub"]
[Result "1-0"]
[TimeControl "20min+5s/move"]
[WhiteElo "1802"]
[BlackElo "1357"]

1. e4 c5 2. Nf3 Nc6 3. d4 cxd4 4. Nxd4 g6 5. Nc3 Bg7 6. Be3 Nf6 7. Nxc6 bxc6 8. e5 Nd5 9. Nxd5 cxd5 10.
Qxd5 Rb8 11. Bc4 O-O 12. O-O Rxb2 13. Bb3 Qc7 14. Bd4 Bb7 15. Qb5 Bc6 16. Qe2 Rxb3 17. axb3 a5 18. Qe3 Ra8 19.
f3 Ra6 20. Rfe1 a4 21. bxa4 Rxa4 22. Rxa4 Bxa4 23. e6 Bxd4 24. Qxd4 Bc6 25. exf7+ Kxf7 26. Qh8 d6 27. Qxh7+ Kf6 28. Qg8 Bd7 29. Qf8+ 1-0

[Event "MCR rapid mládeže 2023 U16"]
[Site "Harachov, Czech Republic"]
[Date "2023.09.09"]
[Round "1.16"]
[White "Belocky, Daniel"]
[Black "Svadlenka, Michal"]
[Result "0-1"]
[TimeControl "20min+5s/move"]
[WhiteElo "1369"]
[BlackElo "1451"]

1. d4 Nf6 2. Nf3 d5 3. c4 e6 4. Nc3 c6 5. Bg5 Nbd7 6. e3 Be7 7. cxd5 exd5 8. Bd3 O-O 9. Qc2 h6 10.
Bxf6 Nxf6 11. O-O Re8 12. Rac1 Bd6 13. h3 Bd7 14. Rfe1 Rc8 15. e4 dxe4 16. Nxe4 Bf4 17. Nxf6+ Qxf6 18.
Rcd1 Be6 19. b3 Rcd8 20. Bc4 Bf5 21. Bd3 Bxd3 22. Qxd3 Rxe1+ 23. Rxe1 Bc7 24. b4 Bb6 25. a3 g6 26.
Rd1 a5 27. bxa5 Bxa5 28. Qb3 b6 29. Qa4 Bc3 30. Qc4 Bb2 31. a4 c5 32. d5 Rd6 33. Nd2 Qd4 34. Qxd4 Bxd4 35. Nc4 Rxd5 36.
Nxb6 Bxf2+ 0-1

[Event "MCR rapid mládeže 2023 U16"]
[Site "Harachov, Czech Republic"]
[Date "2023.09.09"]
[Round "1.17"]
[White "Honcharov, Makar"]
[Black "Babula, Tomas"]
[Result "1-0"]
[TimeControl "20min+5s/move"]
[WhiteElo "1593"]
[BlackElo "1266"]

1. e4 c5 2. Nf3 d6 3. d4 cxd4 4. Nxd4 Nf6 5. Nc3 g6 6. Be3 Bg7 7.
f3 O-O 8. Qd2 Nc6 9. g4 Bd7 10.
h4 h5 11. gxh5 Nxh5 12. Rg1 e6 13. O-O-O Nxd4 14. Bxd4 Qxh4 15. Bf2 Qf4 16. Be3 Qxf3 17. Be2 Qf6 18. Bxh5 gxh5 19. Bh6 Kh7 20.
Bxg7 Qf3 21. Qh6+ 1-0

[Event "MCR rapid mládeže 2023 U16"]
[Site "Harachov, Czech Republic"]
[Date "2023.09.09"]
[Round "1.18"]
[White "Borecky, Andrej"]
[Black "Mydlar, Matej"]
[Result "0-1"]
[TimeControl "20min+5s/move"]
[WhiteElo "1394"]
[BlackElo "1711"]

1. d4 Nf6 2. c4 e6 3. Nc3 Bb4 4. Qc2 c5 5. e3 Nc6 6. Nf3 O-O 7. a3 Bxc3+ 8. Qxc3 b6 9. Bd3 Bb7 10.
O-O Rc8 11. Qd2 Na5 12. Qe2 Nb3 13. Rb1 cxd4 14. Nxd4 Nc5 15. Bc2 d5 16. b4 Nce4 17. Bb2 Rxc4 18. Bd3 Nc3 19. Bxc3 Rxc3 20.
a4 Rc8 21. Rfc1 e5 22. Rxc8 Qxc8 23. Nb5 Qb8 24. Rc1 h6 25. Bb1 a6 26. Nc3 Re8 27. Qd2 Rd8 28. Qe2 Qa8 29. f3 d4 30.
exd4 exd4 31. Nd1 Re8 32. Qd2 Rd8 33.
Nf2 Qb8 34. Nd3 Qd6 35. Bc2 Nd5 36. Bb1 Nc3 37. Bc2 Re8 38. Re1 Rc8 39. Ne5 f6 40. Nd3 Bd5 41. Nf4 Bf7 42. Nd3 a5 43.
b5 Bc4 44. Nf4 Qc5 45. Kh1 Bf7 46. Ne6 Qc4 47. Nf4 Nxa4 48. Rc1 Nc3 49. Nd3 Qxb5 50. Nf4 Qg5 51. Nd3 b5 52. Qe1 b4 53.
Bb3 Bxb3 0-1

[Event "MCR rapid mládeže 2023 U16"]
[Site "Harachov, Czech Republic"]
[Date "2023.09.09"]
[Round "1.19"]
[White "Boff, Ondrej"]
[Black "Knapek, Jan"]
[Result "1/2-1/2"]
[TimeControl "20min+5s/move"]
[WhiteElo "1486"]
[BlackElo "1314"]

1. e4 c5 2. Nf3 d6 3. Bb5+ Bd7 4. Bxd7+ Qxd7 5. O-O Nc6 6. c4 Nf6 7. Nc3 e5 8. d3 Be7 9. a3 O-O 10.
Rb1 a6 11. Bd2 Rab8 12. b4 cxb4 13. axb4 b5 14. cxb5 axb5 15. Qb3 Rfd8 16. Nd5 Nxd5 17. Qxd5 Bf6 18. Bc3 Ne7 19. Qb3 Rbc8 20.
Rfc1 Qc7 21. Qb2 Qb8 22. g4 h6 23. h4 Ng6 24. g5 hxg5 25. hxg5 Be7 26. Ra1 Rc6 27. Bd2 Qc8 28. Rxc6 Qxc6 29.
Rc1 Qd7 30. Nh2 d5 31. Be3 d4 32. Bd2 Rc8 33. Rxc8+ Qxc8 34. Qc1 Qxc1+ 35. Bxc1 Bxb4 36. Ng4 Bc3 37. Kf1 Kf8 38. Ke2 Ke7 39.
Kd1 b4 40. Kc2 f6 41. gxf6+ gxf6 42.
Kb3 Ke6 43. Nh6 Ne7 44. f4 f5 45. fxe5 fxe4 46. dxe4 Kxe5 47. Bg5 Nc6 48. Nf7+ Kxe4 49. Nd6+ Kd3 50. Nc4 Ne7 51. Bxe7 Ke2 52.
Bxb4 Bxb4 1/2-1/2

[Event "MCR rapid mládeže 2023 U16"]
[Site "Harachov, Czech Republic"]
[Date "2023.09.09"]
[Round "1.20"]
[White "Seidl, Vaclav"]
[Black "Sochor, Antonin"]
[Result "0-1"]
[TimeControl "20min+5s/move"]
[WhiteElo "1347"]
[BlackElo "1480"]

1. e4 e6 2. d4 d5 3. exd5 exd5 4. Nf3 Bd6 5. Bd3 Nf6 6. Qe2+ Qe7 7. Qxe7+ Bxe7 8. O-O O-O 9. Bf4 c5 10. c3 Nc6 11.
Nbd2 Bg4 12. Ne5 cxd4 13. Nxc6 bxc6 14. cxd4 c5 15. dxc5 Bxc5 16. Nb3 Bb6 17. Bb5 Ne4 18. Rac1 a6 19.
Bd3 a5 20. Nd2 Bf5 21. Nxe4 dxe4 22. Bb1 Bg6 23. Rfe1 Rfe8 24. Be3 Bxe3 25. Rxe3 Rab8 26. b3 h6 27. Rce1 f5 28. f3 Rb4 29.
fxe4 fxe4 30. Rd1 Kh7 31. a3 Rb5 32. Rd4 Rbe5 33. b4 axb4 34. axb4 R8e6 35. Kf2 h5 36. Kg3 Kh6 37. Kf4 Rf5+ 38.
Kg3 Rg5+ 39. Kf2 Rge5 40. Kg3 Bf5 41. Kf4 g5+ 42. Kg3 h4+ 43. Kf2 g4 44. g3 hxg3+ 45. Kxg3 Kg5 46. b5 Rxb5 47.
Bc2 Rb2 48. Bxe4 Rh6 49. Bxf5 Rh3# 0-1

[Event "MCR rapid mládeže 2023 U16"]
[Site "Harachov, Czech Republic"]
[Date "2023.09.09"]
[Round "1.21"]
[White "Frantsev, Iegor"]
[Black "Vlcek, Vitezslav"]
[Result "1-0"]
[TimeControl "20min+5s/move"]
[WhiteElo "1431"]
[BlackElo "1160"]

1. d4 d5 2. Bf4 Bf5 3. e3 e6 4. c4 Nf6 5. Nc3 c5 6. cxd5 exd5 7. Bd3 Be6 8. Nf3 Nc6 9. O-O c4 10.
Bc2 Be7 11. Ne5 O-O 12. Nxc6 bxc6 13. Qe2 h6 14. Rad1 Bd6 15. Bxd6 Qxd6 16. e4 dxe4 17. Nxe4 Nxe4 18. Bxe4 Bd5 19.
Bxd5 cxd5 20. Rfe1 Qb6 21. Qc2 Rfe8 22. Qc3 Qd6 23. h3 Re7 24. Rxe7 Qxe7 25. Re1 Qd7 26. Re5 Re8 27. Qe3 Rxe5 28.
Qxe5 Qb7 29. Qe2 Kf8 30. Qd2 Qa6 31. Qb4+ Kg8 32. a3 Qc6 33. Qb8+ Kh7 34. Qxa7 c3 35. bxc3 Qxc3 36. Qc5 Qb3 37.
Kh2 f6 38. Qb4 Qd3 39. a4 Qe2 40. f3 Qa6 41. Qb5 Qa8 42. a5 Qd8 43. Qb6 Qa8 44. a6 Qe8 45. a7 Qa8 46. Qb8 Qc6 47.
a8=Q Qc4 48. Qf4 Qc2 49. Qxd5 Kh8 1-0

[Event "MCR rapid mládeže 2023 U16"]
[Site "Harachov, Czech Republic"]
[Date "2023.09.09"]
[Round "1.22"]
[White "Krasovskyi, Stanislav"]
[Black "Chernyy, Andrey"]
[Result "0-1"]
[TimeControl "20min+5s/move"]
[WhiteElo "1212"]
[BlackElo "1582"]

1. e4 e5 2. Nf3 Nc6 3. Nc3 Nf6 4.
d4 exd4 5. Nxd4 Bc5 6. Nxc6 bxc6 7. Bg5 d6 8. Bd3 h6 9. Bh4 O-O 10. O-O Rb8 11. Na4 Bb6 12. Nxb6 Rxb6 13. b3 Re8 14.
Bc4 Rxe4 15. Qf3 Rxh4 16. Rfe1 Ba6 17. Bd3 Bxd3 18. Qxd3 Rh5 19. Qf3 Re5 20. Rxe5 dxe5 21. Rd1 Qe7 22.
Qf5 Rb8 23. h3 Rd8 24. Re1 e4 25. Qa5 Rd5 26. Qxa7 Qd8 27. Kh2 Qd6+ 28. g3 Rd2 29. c4 c5 30. Kg2 Qd4 31. Rf1 e3 32.
Qa8+ Kh7 33. Qc8 Qe4+ 34. Kh2 Rxf2+ 0-1

[Event "MCR rapid mládeže 2023 U16"]
[Site "Harachov, Czech Republic"]
[Date "2023.09.09"]
[Round "1.23"]
[White "Peskova, Sara"]
[Black "Vancakova, Veronika"]
[Result "0-1"]
[TimeControl "20min+5s/move"]
[WhiteElo "1451"]
[BlackElo "1433"]

1. e4 d6 2. Nf3 Nf6 3. Nc3 g6 4. Bc4 Bg7 5. d3 O-O 6. h3 c6 7. Bg5 Qb6 8. Bb3 Nbd7 9. Qe2 Nc5 10.
e5 dxe5 11. Nxe5 Nxb3 12. axb3 Be6 13. Ra3 Rfd8 14. Bxf6 Bxf6 15. O-O Qc5 16. Re1 b5 17. Ra5 Qb6 18. b4 Rdc8 19. Ng4 Bg7 20.
Qe3 Bd4 21. Qf3 Bg7 22. Qf4 Bd4 23. Re4 Bg7 24. Ne5 Bxe5 25. Qxe5 a6 26. Ra3 c5 27. Rb3 Bxb3 28. cxb3 e6 29.
Rh4 Qc7 30. Qxc7 Rxc7 31. bxc5 Rxc5 32. f3 0-1

[Event "MCR rapid mládeže 2023 U16"]
[Site "Harachov, Czech Republic"]
[Date "2023.09.09"]
[Round "1.24"]
[White "Lackova, Lucie"]
[Black "Jenikova, Sabina"]
[Result "1-0"]
[TimeControl "20min+5s/move"]
[WhiteElo "1544"]
[BlackElo "1145"]

1. e4 e5 2. Nf3 Nc6 3. d4 exd4 4. Nxd4 Bc5 5. Be3 Nf6 6. Nxc6 bxc6 7. Bxc5 Nxe4 8. Qe2 d5 9. f3 Qh4+ 10.
Bf2 Qf4 11. Nc3 O-O 12. fxe4 Bg4 13. Qe3 Qf6 14. Bd3 Rad8 15. Qg3 Bh5 16. O-O d4 17. Ne2 c5 18. Nf4 Bg6 19. Nxg6 fxg6 20.
Qxc7 Rc8 21. Qxa7 Rf7 22. Bc4 Rcf8 23. Bg3 Qg5 24. Bxf7+ Kh8 25. Rae1 Qd8 26. Be5 h6 27. Bxg6 Rg8 28.
Rf7 Qg5 29. Bxg7+ Rxg7 30. Qa8+ Rg8 31. Rh7# 1-0

[Event "MCR rapid mládeže 2023 U16"]
[Site "Harachov, Czech Republic"]
[Date "2023.09.09"]
[Round "1.25"]
[White "Kadlecova, Alena"]
[Black "Mojzisova, Barbora"]
[Result "1/2-1/2"]
[TimeControl "20min+5s/move"]
[WhiteElo "1020"]
[BlackElo "1220"]

1. e4 e5 2. Nf3 Nc6 3. d4 exd4 4. Nxd4 Bc5 5. Nb3 Bb6 6. Nc3 d6 7. a4 a6 8. a5 Ba7 9. Bc4 Nf6 10.
O-O O-O 11. Bf4 Bg4 12. Be2 Bxe2 13. Qxe2 Re8 14. Rfe1 Nd4 15. Nxd4 Bxd4 16. Qd3 Bxc3 17. Qxc3 Nxe4 18. Qb4 Nc5 19.
Rxe8+ Qxe8 20. Re1 Qc6 21. h3 Kf8 22. Be3 Re8 23. Kf1 f6 24. Bxc5 Rxe1+ 25. Kxe1 dxc5 26. Qg4 Qe8+ 27. Kf1 Qb5+ 28.
Kg1 Qxa5 29. Qc8+ Kf7 30. Qd7+ Kg6 31. Qg4+ Kf7 32. Qd7+ Kf8 33. Qd8+ Kf7 34. Qd7+ Kg6 35. Qg4+ Kh6 36.
Qh4+ 1/2-1/2

[Event "MCR rapid mládeže 2023 U16"]
[Site "Harachov, Czech Republic"]
[Date "2023.09.09"]
[Round "1.26"]
[White "Barteckova, Nikol"]
[Black "Slava, Vitalina"]
[Result "1-0"]
[TimeControl "20min+5s/move"]
[WhiteElo "1246"]
[BlackElo "1163"]

1. e4 e5 2. Nc3 Nc6 3. Bc4 Nf6 4. Nf3 Bc5 5. O-O O-O 6. d3 Bb4 7. a3 Bxc3 8. bxc3 d6 9. Bg5 h6 10.
Bh4 Qe7 11. h3 Be6 12. Bb3 Bxb3 13. cxb3 Qe6 14. Rb1 d5 15. Bxf6 Qxf6 16. exd5 Ne7 17. c4 c6 18. Re1 cxd5 19.
Nxe5 dxc4 20. Nd7 Qd6 21. Nxf8 Rxf8 22. dxc4 Qxd1 23. Rbxd1 Nf5 24. Rd7 Rb8 25. g4 Nh4 26. Ree7 Ng6 27.
Rxf7 Ne5 28. Rxg7+ Kf8 29. Rxb7 Rd8 30. Rh7 Kg8 31. Rhe7 Nf3+ 32. Kg2 Ng5 33. h4 Ne4 34. Rxe4 Ra8 35.
Ree7 Rf8 36. Rg7+ Kh8 37. Rh7+ Kg8 38. Rbg7# 1-0

[Event "MCR rapid mládeže 2023 U16"]
[Site "Harachov, Czech Republic"]
[Date "2023.09.09"]
[Round "1.27"]
[White "Hlavacikova, Lucia"]
[Black "Nova, Anezka"]
[Result "0-1"]
[TimeControl "20min+5s/move"]
[WhiteElo "1264"]
[BlackElo "1382"]

1. e4 e6 2. d4 d5 3. exd5 exd5 4.
Nf3 Bg4 5. Nc3 Bb4 6. Be2 Nf6 7. O-O O-O 8. Qd3 c6 9. Bf4 Re8 10. Ne5 Bxe2 11. Qxe2 Nbd7 12. a3 Bd6 13. Rfe1 Nxe5 14.
dxe5 Nd7 15. Qh5 Bc7 16. e6 Rxe6 17. Rxe6 fxe6 18. Bg5 Qe8 19. Qg4 Qg6 20. Re1 Re8 21. Qh4 Qxc2 22. Ne2 Qxb2 23.
Qh5 Rf8 24. Bc1 Qf6 25. Rf1 Bb6 26. Bg5 Bxf2+ 27. Kh1 Qe5 28. Bf4 Qxh5 29. Rxf2 e5 30. Ng3 Qd1+ 31. Nf1 Rxf4 32. Rxf4 exf4 33.
Kg1 Qd4+ 34. Kh1 Qf2 35. Ng3 Qe1+ 36. Nf1 Qxf1# 0-1

[Event "MCR rapid mládeže 2023 U16"]
[Site "Harachov, Czech Republic"]
[Date "2023.09.09"]
[Round "1.28"]
[White "Kusova, Nikola"]
[Black "Tepla, Ema"]
[Result "1-0"]
[TimeControl "20min+5s/move"]
[WhiteElo "1247"]
[BlackElo "1049"]

1. e4 e5 2. Nc3 Nf6 3. Bc4 Bc5 4. d3 d6 5. f4 Be6 6. Bb3 Nc6 7. Nf3 O-O 8. Na4 Bg4 9. Nxc5 dxc5 10.
O-O Re8 11. h3 Bxf3 12. Qxf3 Nd4 13. Qf2 b5 14. fxe5 Rxe5 15. Bf4 Re7 16. Bg5 Qd6 17. Bxf6 Qxf6 18. Qxf6 gxf6 19. Rxf6 Kh8 20.
Bxf7 Rf8 21. Raf1 Kg7 22. c3 Ne2+ 23. Kf2 Rexf7 24. Rxf7+ Rxf7+ 25. Kxe2 Rd7 26. Rf3 a5 27. Ke3 b4 28.
cxb4 cxb4 29. Rf5 c6 30. Rxa5 Kh6 31. g4 Rf7 32. Rc5 Rf6 33. g5+ Kg6 34. gxf6 Kxf6 35. Kf4 Ke6 36. Re5+ Kd6 37.
Kf5 c5 38. Rd5+ Kc6 39. Ke6 Kb5 40. e5 Kc6 41. Rd6+ Kb5 42. Kd7 Ka5 43. e6 Ka4 44. e7 Kb5 45. e8=Q Ka5 46. Qa8+ Kb5 47.
Qb7+ Ka5 48. Ra6# 1-0